 Dungeon Crawl Stone Soup version 0.28-a0-1117-g0bdd5ba030 (webtiles) character file.

Game seed: 5615249712559005674

68 SensoryNuts the Skirmisher (level 4, -11/40 HPs)
             Began as a Draconian Fighter on Dec 11, 2021.
             Killed by divine providence
             ... invoked by an orc priest
              (14 damage)
             ... on level 3 of the Dungeon.
             The game lasted 00:01:47 (1890 turns).

SensoryNuts the Skirmisher (Draconian Fighter)      Turns: 1890, Time: 00:01:47

Health: -11/40     AC: 12    Str: 21    XL:     4   Next: 1%
Magic:  4/4        EV: 12    Int:  8    God:
Gold:   44         SH:  4    Dex: 10    Spells: 3/3 levels left

rFire   . . .      SeeInvis .   d - +1 dagger (protect)
rCold   . . .      Faith    .   b - +0 buckler
rNeg    . . .      Spirit   .   (armour unavailable)
rPois   .          Reflect  .   (helmet restricted)
rElec   .          Harm     .   (no cloak)
rCorr   .          Rampage  .   (no gloves)
Will    .....                   (no boots)
Stlth   +.........              (no amulet)
HPRegen 0.13/turn               (no ring)
MPRegen 0.09/turn               (no ring)

@: under a protective aura
A: AC +5, unfitting armour, cold-blooded
a: no special abilities


You were on level 3 of the Dungeon.
You visited 1 branch of the dungeon, and saw 3 of its levels.

You collected 44 gold pieces.

Inventory:

Hand Weapons
 a - a +0 long sword
 d - a +1 dagger of protection (weapon)
Armour
 b - a +0 buckler (worn)
Jewellery
 h - a +4 ring of evasion
Scrolls
 e - a scroll of amnesia {unknown}
 f - a scroll of identify {unknown}
 g - a scroll of brand weapon {unknown}
Potions
 c - a potion of might
 i - a potion of lignification {unknown}


   Skills:
 + Level 3.8 Fighting
 + Level 0.5(1.7) Short Blades
 + Level 2.5(2.6) Long Blades
 + Level 3.4 Dodging
 + Level 0.1 Stealth
 + Level 3.3 Shields


You had 3 spell levels left.
You didn't know any spells.
Your spell library contained the following spells:

 Spells                   Type           Power      Damage    Failure   Level
 Sting                    Tmut/Pois      0%         1d3       43%         1
 Poisonous Vapours        Pois/Air       0%         N/A       56%         2
 Olgreb's Toxic Radiance  Pois           0%         N/A       99%         4


Dungeon Overview and Level Annotations

Branches:
Dungeon (3/15)

Altars:
Xom


Innate Abilities, Weirdness & Mutations

Your plain brown scales are hard. (AC +5)
You cannot fit into any form of body armour.
You are cold-blooded and may be slowed by cold attacks.


Message History

You are too injured to fight recklessly!
You closely miss the orc.
The orc is heavily wounded.
The orc hits you but does no damage. x2
You hit the orc.
You kill the orc!
The orc priest casts a cantrip, but nothing happens.
You block the orc's attack.
You have reached level 4!
You feel stronger.
You hit the orc priest.
The orc priest is moderately wounded.
The orc priest mumbles some strange prayers to Beogh against you.
Beogh smites you!
* * * LOW HITPOINT WARNING * * *
The orc hits you from afar with a +0 trident.
* * * LOW HITPOINT WARNING * * *
You hit the orc priest but do no damage.
Your tail-slap misses the orc priest.
The orc priest is moderately wounded.
The orc priest looks braver for a moment.
You block the orc priest's attack.
You closely miss the orc priest.
You tail-slap the orc priest, but do no damage.
The orc priest is moderately wounded.
The orc hits you but does no damage.
You closely miss the orc priest.
The orc priest is moderately wounded.
The orc priest miscasts a cantrip.
The orc hits you but does no damage.
You hit the orc priest but do no damage.
Your tail-slap misses the orc priest.
The orc priest is moderately wounded.
You block the orc priest's attack. The orc misses you.
The orc priest mumbles some strange prayers to Beogh against you.
You barely resist. The orc priest misses you.
The orc priest calls down the wrath of Beogh upon you.
Beogh smites you!
You die...

####......###.###..####
.....####.# #.........#
####.# #.###.........# #
#..####.........!...###..
###.......###........<.....
..(.......# #....o..).##..
#.#........##.....o.)......
.....###>..##...o..........
..#### ###......@......#...
..# .............## ## ###
...####....#### r.. .....#
.. ..#...# ..#....# ###
....# .....


You could see 2 orc priests and an orc.

Vanquished Creatures
  Natasha (D:2)
  2 worms (D:2)
  2 orcs (D:3)
  3 ball pythons (D:1)
  5 endoplasms
  2 giant cockroaches
  4 goblins
  3 hobgoblins
  A jackal (D:2)
  3 kobolds
  7 bats
  3 rats
36 creatures vanquished.

Notes
Turn   | Place    | Note
-------+----------+-------------------------------------------
     0 | D:1      | SensoryNuts the Draconian Fighter began the quest for the
                  | Orb.
     0 | D:1      | Reached XP level 1. HP: 19/19 MP: 1/1
    89 | D:1      | Reached XP level 2. HP: 7/26 MP: 2/2
   882 | D:1      | Found a faded altar of an unknown god.
  1268 | D:2      | Reached XP level 3. HP: 20/33 MP: 3/3
  1394 | D:2      | Found a shimmering altar of Xom.
  1528 | D:2      | Noticed Natasha
  1544 | D:2      | Killed Natasha
  1883 | D:3      | Reached XP level 4. HP: 19/40 MP: 4/4
  1883 | D:3      | HP: 2/40 [orc (1)]
  1890 | D:3      | Killed from afar by an orc priest

Illustrated notes

Levels and vault maps discovered:
D:1:      lemuel_arrival_cross, layout_loops_corners,
          dreamdust_ecumenical_altar_grove
D:2:      layout_basic, basic_altar, kennysheep_generic_room_8, uniq_natasha
D:3:      layout_rooms

Skill      XL: |  1  2 |
---------------+-------+-----
Dodging        | 3 |  3.4
Fighting       | |  3.8
Short Blades   | |  0.5
Long Blades    | |  2.5
Stealth        | |  0.1
Shields        | |  3.3

Action                   |  1- 3 |  4- 6 || total
-------------------------+-------+-------++-------
Melee: Long sword        |    14 |       ||    14
       Tailslap          |    17 |     1 ||    18
       Dagger            |   121 |     5 ||   126
Armor: Skin              |    46 |     2 ||    48
Dodge: Dodged            |    74 |     2 ||    76
Block: Buckler           |    38 |     2 ||    40

Table legend: (Time is in decaauts)
 A = Elapsed time spent in this place.
 B = Non-inter-level travel time spent in this place.
 C = Inter-level travel time spent in this place.
 D = Time resting spent in this place.
 E = Time spent auto-exploring this place.
 F = Levels seen in this place.
 G = Mean time per level.
                   A        B        C        D        E       F      G
               +--------+--------+--------+--------+--------+-----+--------+
         Total |   1889 |   1889 |      0 |      0 |   1548 |   3 |  629.7 |
       Dungeon |   1889 |   1889 |      0 |      0 |   1548 |   3 |  629.7 |
               +--------+--------+--------+--------+--------+-----+--------+

Top non-repeatable levels by time:
     D:1: 1089 daAuts
     D:2: 738 daAuts
     D:3: 61 daAuts
